BR (22 & UNDER)
PITTSBURGH KILLA BEEZ @ OTTAWA FAT CATS
09/21/2028
 
TOP OF THE 1ST
Pittsburgh Killa Beez batting - Pitching for Ottawa Fat Cats : RHP Brian Hankins
Pitching: RHP Brian Hankins
Batting: RHB Inęs Kappes 0-0: Ball
1-0: Ball
2-0: Called Strike
2-1: Ball
3-1: Foul Ball, location: 2F
3-2: Base on Balls
Batting: RHB Jesús García 0-0: Ball
1-0: Ball
2-0: Ground out 5-3 (Groundball, 56S)
Inęs Kappes to second
Batting: LHB Carlos Gutiérrez 0-0: Ball
1-0: Ground out 3-1 (Groundball, 34S)
Inęs Kappes to third
Batting: LHB António Bonaccorsi 0-0: Called Strike
0-1: Called Strike
0-2: Strikes out swinging
Top of the 1st over - 0 run(s), 0 hit(s), 0 error(s), 1 left on base; Pittsburgh 0 - Ottawa 0
BOTTOM OF THE 1ST
Ottawa Fat Cats batting - Pitching for Pittsburgh Killa Beez : RHP Jesús Escobedo
Pitching: RHP Jesús Escobedo
Batting: RHB Rudy Boyd 0-0: Ball
1-0: Called Strike
1-1: Foul Ball, location: 2F
1-2: Fly out, F7 (Flyball, 7)
Batting: LHB Felipe Rivera 0-0: Ball
1-0: Ball
2-0: Foul Ball, location: 2F
2-1: Ball
3-1: Foul Ball, location: 2F
3-2: Foul Ball, location: 2F
3-2: Ground out 4-3 (Groundball, 4)
Batting: RHB Robert Blanchard 0-0: Ball
1-0: Called Strike
1-1: Swinging Strike
1-2: SINGLE (Line Drive, 6M)
Batting: RHB Lawrence Howard 0-0: Ball
1-0: Ball
2-0: Called Strike
2-1: Ball
3-1: Swinging Strike
3-2: Fly out, F8 (Flyball, 8RM)
Bottom of the 1st over - 0 run(s), 1 hit(s), 0 error(s), 1 left on base; Pittsburgh 0 - Ottawa 0
TOP OF THE 2ND
Pittsburgh Killa Beez batting - Pitching for Ottawa Fat Cats : RHP Brian Hankins
Batting: RHB Jesús Chávez 0-0: Ground out 5-3 (Groundball, 56S)
Batting: RHB Salvador Rodríguez 0-0: Ground out 3-1 (Groundball, 23)
Batting: LHB Rafael Carrión 0-0: Called Strike
0-1: Swinging Strike
0-2: Ball
1-2: Strikes out swinging
Top of the 2nd over - 0 run(s), 0 hit(s), 0 error(s), 0 left on base; Pittsburgh 0 - Ottawa 0
BOTTOM OF THE 2ND
Ottawa Fat Cats batting - Pitching for Pittsburgh Killa Beez : RHP Jesús Escobedo
Batting: RHB Daniel Quintana 0-0: Ball
1-0: Called Strike
1-1: DOUBLE (Flyball, 8LD)
Batting: RHB Jesús Herrera 0-0: Ball
1-0: Ball
2-0: Swinging Strike
2-1: Ball
3-1: Called Strike
3-2: Foul Ball, location: 2F
3-2: Strikes out swinging
Batting: SHB Ron West 0-0: Foul Ball, location: 2F
0-1: Ball
1-1: Ball
2-1: Ground out 6-3 (Groundball, 6)
Batting: RHB Ricardo Medina 0-0: Called Strike
0-1: Ball
1-1: Fly out, F6 (Line Drive, 6)
Bottom of the 2nd over - 0 run(s), 1 hit(s), 0 error(s), 1 left on base; Pittsburgh 0 - Ottawa 0
TOP OF THE 3RD
Pittsburgh Killa Beez batting - Pitching for Ottawa Fat Cats : RHP Brian Hankins
Batting: LHB Argaw Mwita 0-0: Called Strike
0-1: Ball
1-1: Foul Ball, location: 2F
1-2: Strikes out looking
Batting: RHB Alonso Sacco 0-0: Foul Ball, location: 2F
0-1: Ball
1-1: Ball
2-1: Foul Ball, location: 2F
2-2: Strikes out swinging
Batting: RHB Inęs Kappes 0-0: Called Strike
0-1: Ball
1-1: Swinging Strike
1-2: Ball
2-2: Foul Ball, location: 2F
2-2: Ball
3-2: Foul Ball, location: 2F
3-2: SINGLE (Line Drive, 6)
Batting: RHB Jesús García 0-0: Called Strike
0-1: Ball
1-1: Called Strike
1-2: Ground out 3-1 (Groundball, 34S)
Top of the 3rd over - 0 run(s), 1 hit(s), 0 error(s), 1 left on base; Pittsburgh 0 - Ottawa 0
BOTTOM OF THE 3RD
Ottawa Fat Cats batting - Pitching for Pittsburgh Killa Beez : RHP Jesús Escobedo
Batting: RHB José Vega 0-0: Called Strike
0-1: Called Strike
0-2: Foul Ball, location: 2F
0-2: Ball
1-2: Fly out, F5 (Popup, 5L)
Batting: RHB Rudy Boyd 0-0: Swinging Strike
0-1: Ball
1-1: Fly out, F8 (Flyball, 8RM)
Batting: LHB Felipe Rivera 0-0: Called Strike
0-1: Ground out 1-3 (Groundball, P)
Bottom of the 3rd over - 0 run(s), 0 hit(s), 0 error(s), 0 left on base; Pittsburgh 0 - Ottawa 0
TOP OF THE 4TH
Pittsburgh Killa Beez batting - Pitching for Ottawa Fat Cats : RHP Brian Hankins
Batting: LHB Carlos Gutiérrez 0-0: Called Strike
0-1: Ball
1-1: Called Strike
1-2: Strikes out swinging
Batting: LHB António Bonaccorsi 0-0: Ball
1-0: Ball
2-0: Swinging Strike
2-1: Ball
3-1: Swinging Strike
3-2: Fly out, F9 (Line Drive, 9)
Batting: RHB Jesús Chávez 0-0: Ball
1-0: Called Strike
1-1: Ground out 6-3 (Groundball, 6)
Top of the 4th over - 0 run(s), 0 hit(s), 0 error(s), 0 left on base; Pittsburgh 0 - Ottawa 0
BOTTOM OF THE 4TH
Ottawa Fat Cats batting - Pitching for Pittsburgh Killa Beez : RHP Jesús Escobedo
Batting: RHB Robert Blanchard 0-0: Ball
1-0: Ball
2-0: Swinging Strike
2-1: Called Strike
2-2: Ground out 6-3 (Groundball, 6S)
Batting: RHB Lawrence Howard 0-0: Ball
1-0: Called Strike
1-1: Ground out 5-3 (Groundball, 56)
Batting: RHB Daniel Quintana 0-0: Swinging Strike
0-1: Ball
1-1: Swinging Strike
1-2: Ball
2-2: Ball
3-2: Base on Balls
Batting: RHB Jesús Herrera 0-0: Foul Ball, location: 2F
0-1: Ball
1-1: Ball
2-1: Swinging Strike
2-2: Fielders Choice at 2nd, 5-4 (Groundball, 5)
Bottom of the 4th over - 0 run(s), 0 hit(s), 0 error(s), 0 left on base; Pittsburgh 0 - Ottawa 0
TOP OF THE 5TH
Pittsburgh Killa Beez batting - Pitching for Ottawa Fat Cats : RHP Brian Hankins
Batting: RHB Salvador Rodríguez 0-0: Fly out, F7 (Flyball, 78M)
Batting: LHB Rafael Carrión 0-0: Ball
1-0: Foul Ball, location: 2F
1-1: Ball
2-1: Fly out, F7 (Flyball, 7LSF)
Batting: LHB Argaw Mwita 0-0: Foul Ball, location: 2F
0-1: Foul Ball, location: 2F
0-2: Strikes out swinging
Top of the 5th over - 0 run(s), 0 hit(s), 0 error(s), 0 left on base; Pittsburgh 0 - Ottawa 0
BOTTOM OF THE 5TH
Ottawa Fat Cats batting - Pitching for Pittsburgh Killa Beez : RHP Jesús Escobedo
Batting: SHB Ron West 0-0: Ground out 5-3 (Groundball, 5S)
Batting: RHB Ricardo Medina 0-0: Foul Ball, location: 2F
0-1: Ball
1-1: Swinging Strike
1-2: Strikes out swinging
Batting: RHB José Vega 0-0: Ball
1-0: Ball
2-0: Called Strike
2-1: Foul Ball, location: 2F
2-2: Ball
3-2: Base on Balls
Batting: RHB Rudy Boyd 0-0: Ball
1-0: Called Strike
1-1: Foul Ball, location: 2F
1-2: Foul Ball, location: 2F
1-2: SINGLE (Line Drive, 89M)
José Vega to second
Runner from 2nd tries for 3rd, SAFE, throw made to third
Pitching: LHP Santiago Arredondo
Batting: LHB Felipe Rivera 0-0: Called Strike
0-1: Ball
1-1: Swinging Strike
1-2: Ball
2-2: Strikes out swinging
Bottom of the 5th over - 0 run(s), 1 hit(s), 0 error(s), 2 left on base; Pittsburgh 0 - Ottawa 0
TOP OF THE 6TH
Pittsburgh Killa Beez batting - Pitching for Ottawa Fat Cats : RHP Brian Hankins
Batting: RHB Alonso Sacco 0-0: Called Strike
0-1: Ball
1-1: Ground out 5-3 (Groundball, 56)
Batting: RHB Inęs Kappes 0-0: Ball
1-0: Reached on error, E5 (Groundball, 56S)
Batting: RHB Jesús García 0-0: Swinging Strike
0-1: Ball
1-1: Foul Ball, location: 2F
1-2: Strikes out swinging
Batting: LHB Carlos Gutiérrez 0-0: Called Strike
0-1: Foul Ball, location: 2F
0-2: Fly out, F8 (Flyball, 8RD)
Top of the 6th over - 0 run(s), 0 hit(s), 1 error(s), 1 left on base; Pittsburgh 0 - Ottawa 0
BOTTOM OF THE 6TH
Ottawa Fat Cats batting - Pitching for Pittsburgh Killa Beez : LHP Santiago Arredondo
Batting: RHB Robert Blanchard 0-0: Swinging Strike
0-1: Fly out, F9 (Flyball, 9S)
Batting: RHB Lawrence Howard 0-0: Fly out, F8 (Flyball, 89M)
Batting: RHB Daniel Quintana 0-0: Swinging Strike
0-1: Ground out 6-3 (Groundball, 6)
Bottom of the 6th over - 0 run(s), 0 hit(s), 0 error(s), 0 left on base; Pittsburgh 0 - Ottawa 0
TOP OF THE 7TH
Pittsburgh Killa Beez batting - Pitching for Ottawa Fat Cats : RHP Brian Hankins
Batting: LHB António Bonaccorsi 0-0: Called Strike
0-1: Ground out 4-3 (Groundball, 4)
Pinch Hitting: RHB José Mindoro 0-0: Called Strike
0-1: Called Strike
0-2: Foul Ball, location: 2F
0-2: Fly out, F8 (Flyball, 8LM)
Batting: RHB Salvador Rodríguez 0-0: Ball
1-0: Ball
2-0: Ball
3-0: Called Strike
3-1: Foul Ball, location: 2F
3-2: Strikes out swinging
Top of the 7th over - 0 run(s), 0 hit(s), 0 error(s), 0 left on base; Pittsburgh 0 - Ottawa 0
BOTTOM OF THE 7TH
Ottawa Fat Cats batting - Pitching for Pittsburgh Killa Beez : LHP Santiago Arredondo
Now at 3B: José Mindoro
Pinch Hitting: RHB Roberto Rodríguez 0-0: Ball
1-0: Called Strike
1-1: Ball
2-1: Foul Ball, location: 2F
2-2: Ground out 6-3 (Groundball, 6)
Batting: SHB Ron West 0-0: Ball
1-0: SINGLE (Groundball, 56D)
Batting: RHB Ricardo Medina 0-0: Fly out, F9 (Flyball, 9)
Pinch Hitting: LHB Wayne Rogers 0-0: Ball
1-0: Ball
2-0: SINGLE (Flyball, 7S)
Ron West to second
Pinch Hitting: RHB James Morris 0-0: Ball
1-0: Called Strike
1-1: TRIPLE (Line Drive, 8LD)
Ron West scores
Wayne Rogers scores
Pitching: RHP Alberto Serrano
Batting: LHB Felipe Rivera 0-0: Ball
1-0: Called Strike
1-1: Foul Ball, location: 2F
1-2: Ball
2-2: Foul Ball, location: 2F
2-2: Foul Ball, location: 2F
2-2: Ball
3-2: Foul Ball, location: 2F
3-2: Base on Balls
Batting: RHB Robert Blanchard 0-0: Ball
1-0: Foul Ball, location: 2F
1-1: Called Strike
1-2: SINGLE (Groundball, 6MD)
James Morris scores
Felipe Rivera to second
Runner from 2nd tries for 3rd, SAFE, no throw
Batting: RHB Lawrence Howard 0-0: Ball
1-0: Foul Ball, location: 2F
1-1: Fly out, F9 (Line Drive, 9)
Bottom of the 7th over - 3 run(s), 4 hit(s), 0 error(s), 2 left on base; Pittsburgh 0 - Ottawa 3
TOP OF THE 8TH
Pittsburgh Killa Beez batting - Pitching for Ottawa Fat Cats : RHP Brian Hankins
Pitching: RHP Wilson Flores
Now at 3B: Dennis Kelly
Now at SS: Justin Tubridy
Now in LF: Manuel Díaz
Now in CF: Roberto Rodríguez
Batting: LHB Rafael Carrión 0-0: Ball
1-0: Ground out 4-3 (Groundball, 4)
Batting: LHB Argaw Mwita 0-0: Ball
1-0: SINGLE (Flyball, 7S)
Batting: RHB Alonso Sacco 0-0: Ball
1-0: SINGLE (Groundball, 6MD)
Argaw Mwita to second
Batting: RHB Inęs Kappes 0-0: Called Strike
0-1: Ball
1-1: Fielders Choice at 2nd, 5-4 (Groundball, 56)
Argaw Mwita to third
Batting: RHB Jesús García 0-0: Ball
1-0: Ball
2-0: Foul Ball, location: 2F
2-1: Foul Ball, location: 2F
2-2: Strikes out swinging
Top of the 8th over - 0 run(s), 2 hit(s), 0 error(s), 2 left on base; Pittsburgh 0 - Ottawa 3
BOTTOM OF THE 8TH
Ottawa Fat Cats batting - Pitching for Pittsburgh Killa Beez : RHP Alberto Serrano
Batting: RHB Daniel Quintana 0-0: Called Strike
0-1: Swinging Strike
0-2: Ball
1-2: Foul Ball, location: 2F
1-2: Foul Ball, location: 2F
1-2: Strikes out looking
Batting: RHB Roberto Rodríguez 0-0: Ball
1-0: Ground out 5-3 (Groundball, 56)
Batting: SHB Ron West 0-0: Called Strike
0-1: Ball
1-1: Ball
2-1: Ground out 4-3 (Groundball, 4)
Bottom of the 8th over - 0 run(s), 0 hit(s), 0 error(s), 0 left on base; Pittsburgh 0 - Ottawa 3
TOP OF THE 9TH
Pittsburgh Killa Beez batting - Pitching for Ottawa Fat Cats : RHP Wilson Flores
Pitching: RHP Jorge Báez
Batting: LHB Carlos Gutiérrez 0-0: Ball
1-0: Called Strike
1-1: Ball
2-1: Foul Ball, location: 2F
2-2: Ground out 1-3 (Groundball, 15S)
Batting: LHB António Bonaccorsi 0-0: Ball
1-0: Foul Ball, location: 2F
1-1: Ball
2-1: Ground out U3 (Groundball, 3L)
Batting: RHB José Mindoro 0-0: Called Strike
0-1: Fly out, F8 (Flyball, 8RM)
Top of the 9th over - 0 run(s), 0 hit(s), 0 error(s), 0 left on base; Pittsburgh 0 - Ottawa 3
Tuesday, August 8th, 2017 - OOTP Baseball 17.12 Build 75